AoeStats
← u2roOck

Arena

510693295Analyzed
4v4 RM · 1d ago on Oct 2, 2026· 82m 44s· 8 players
Game mode
Random Map
Map size
Large (8 player)
Population
200
Speed
Normal
Resources
Standard
Victory
Conquest
Starting age
Dark Age
Ending age
Imperial Age
RankedLock teamsTeams togetherTeam positionsShared explorationLock speedFull tech treeHidden civsTurbo modeCheats
Victory
Defeat
🇲🇽 Saxons · Mexico
1247
+12
🇲🇽 Varangians · Mexico
1204
+14
🇨🇳 Cumans · China
1191
+14
🇨🇳 Armenians · China
1183
+14
🇧🇴 Varangians · Bolivia
1198
-15
🇲🇽 Spanish · Mexico
1148
-13
🇲🇽 Ethiopians · Mexico
1143
-13
🇲🇽 Maya · Mexico
1140
-13
風実花
9:40 Feudal Age
10:36 Double-Bit Axe
14:07 Wheelbarrow
15:10 Horse Collar
15:39 Man-at-Arms
16:36 Long Swordsman
18:21 Gold Mining
18:30 Arson
23:26 Castle Age
21:58 Scale Mail Armor
22:50 Forging
24:27 Bow Saw
24:55 Gold Shaft Mining
24:35 Loom
25:14 Heavy Plow
24:41 Two-Handed Swordsman
26:57 Squires
26:46 Gambesons
28:53 Hand Cart
28:09 Champion
36:38 Stone Mining
ODIN
10:47 Feudal Age
15:02 Castle Age
13:14 Double-Bit Axe
21:10 Bow Saw
23:04 Fletching
23:36 Loom
25:05 Wheelbarrow
34:29 Scale Mail Armor
34:54 Bodkin Arrow
35:48 Crossbowman
37:25 Padded Archer Armor
40:08 Imperial Age
37:29 Horse Collar
38:30 Leather Archer Armor
39:37 Ballistics
40:53 Bracer
41:15 Conscription
40:24 Arbalester
42:38 Chemistry
42:32 Elite Skirmisher
43:41 Pikeman
46:10 Elite Varangian Guard
48:48 Gold Mining
49:45 Scale Mail Armor
50:04 Forging
49:52 Gambesons
49:31 Shield Wall
50:42 Chain Mail Armor
51:53 Arson
52:54 Plate Mail Armor
53:01 Iron Casting
53:34 Squires
60:30 Heavy Plow
63:26 Caravan
64:45 Thumb Ring
72:22 Ring Archer Armor
kama.Kroxa
10:22 Feudal Age
17:47 Castle Age
19:00 Bloodlines
18:57 Scale Barding Armor
19:18 Forging
22:59 Chain Barding Armor
23:27 Husbandry
28:15 Wheelbarrow
30:20 Iron Casting
29:50 Horse Collar
32:17 Double-Bit Axe
32:36 Heavy Plow
37:57 Imperial Age
39:55 Plate Barding Armor
39:00 Elite Jarl
40:02 Conscription
40:45 Blast Furnace
40:14 Hand Cart
40:14 Bow Saw
42:27 Gambesons
42:43 Squires
47:09 Cavalier
55:54 Elite Varangian Guard
56:36 Scale Mail Armor
56:25 Arson
58:46 Chain Mail Armor
64:16 Gothikon
67:01 Plate Mail Armor
72:01 Caravan
72:03 Loom
80:37 Fortified Wall
80:43 Siege Engineers
Loki
6:34 Loom
8:55 Feudal Age
21:43 Castle Age
21:09 Double-Bit Axe
21:06 Horse Collar
23:33 Capped Ram
26:15 Scale Barding Armor
27:03 Bloodlines
26:46 Fletching
27:41 Chain Barding Armor
28:45 Gold Mining
29:12 Forging
32:45 Bow Saw
32:37 Heavy Plow
35:28 Imperial Age
37:26 Siege Ram
37:30 Cavalier
38:07 Bodkin Arrow
38:50 Plate Barding Armor
SHADOW2727z
0:35 Loom
10:43 Feudal Age
14:57 Castle Age
13:22 Double-Bit Axe
17:54 Bow Saw
36:26 Wheelbarrow
42:53 Horse Collar
44:26 Heavy Plow
46:18 Gold Mining
47:29 Fletching
47:40 Padded Archer Armor
49:58 Stone Mining
51:17 Hand Cart
54:35 Imperial Age
53:33 Stone Shaft Mining
53:09 Bodkin Arrow
53:30 Leather Archer Armor
53:44 Ballistics
53:58 Town Watch
56:18 Chemistry
55:26 Thumb Ring
55:25 Bracer
55:21 Elite Plumed Archer
57:13 Ring Archer Armor
57:15 Conscription
58:19 Two-Man Saw
57:42 Fortified Wall
57:13 Treadmill Crane
57:16 Eagle Warrior
57:59 Scale Mail Armor
58:13 Forging
58:41 Town Patrol
59:45 Chain Mail Armor
60:09 Iron Casting
59:54 Squires
59:40 Arson
60:36 Pikeman
62:21 Blast Furnace
61:55 Plate Mail Armor
61:09 Halberdier
63:38 Blast Furnace
65:29 Crossbowman
66:17 Arbalester
73:36 Elite Skirmisher
75:31 Caravan
76:02 Hul'che Javelineers
DSLG bolbie
11:14 Feudal Age
10:44 Loom
14:45 Castle Age
14:04 Double-Bit Axe
14:02 Horse Collar
17:00 Gold Mining
21:23 Husbandry
22:11 Redemption
22:56 Padded Archer Armor
24:19 Bow Saw
24:51 Leather Archer Armor
33:45 Town Watch
38:36 Stone Mining
39:21 Bloodlines
39:28 Inquisition
42:21 Imperial Age
43:32 Ring Archer Armor
43:05 Elite Conquistador
47:16 Supremacy
48:06 Wheelbarrow
49:20 Conscription
49:54 Inquisition
50:19 Scale Mail Armor
50:30 Forging
51:38 Squires
50:59 Pikeman
52:53 Gambesons
77:51 Caravan
u2roOck
10:09 Feudal Age
16:19 Castle Age
15:48 Double-Bit Axe
16:31 Crossbowman
18:00 Fletching
19:11 Padded Archer Armor
20:33 Horse Collar
21:37 Bodkin Arrow
24:45 Bow Saw
25:15 Wheelbarrow
27:06 Leather Archer Armor
28:48 Hand Cart
34:06 Imperial Age
31:48 Scale Barding Armor
32:57 Heavy Plow
33:21 Husbandry
33:47 Chain Barding Armor
33:38 Forging
34:24 Royal Heirs
34:30 Heavy Camel Rider
35:07 Town Watch
37:32 Iron Casting
41:47 Blast Furnace
43:52 Chemistry
44:50 Elite Skirmisher
46:16 Bracer
46:46 Ring Archer Armor
46:39 Conscription
47:36 Ballistics
47:22 Siege Engineers
47:27 Fortified Wall
47:57 Gold Mining
48:30 Loom
48:47 Town Patrol
50:46 Gold Shaft Mining
54:44 Cavalier
56:14 Scale Mail Armor
55:40 Arbalester
56:26 Thumb Ring
69:21 Two-Man Saw
73:42 Chain Mail Armor
72:58 Elite Shotel Warrior
79:17 Caravan
DSLG | GORDA CACHONDA
10:34 Feudal Age
15:09 Castle Age
14:04 Double-Bit Axe
14:10 Loom
16:39 Horse Collar
22:20 Forging
24:21 Scale Mail Armor
24:56 Iron Casting
25:34 Scale Barding Armor
27:39 Wheelbarrow
28:19 Bloodlines
28:56 Chain Barding Armor
31:39 Husbandry
44:31 Hand Cart
51:15 Imperial Age
49:22 Town Watch
50:19 Bow Saw
50:15 Heavy Plow
50:52 Fletching
51:19 Elite Jarl
52:22 Conscription
51:22 Gothikon
52:12 Scale Mail Armor
53:13 Blast Furnace
52:43 Squires
52:30 Arson
52:41 Elite Varangian Guard
53:43 Chain Mail Armor
53:39 Bodkin Arrow
54:13 Ballistics
57:09 Guilds
60:33 Onager
62:03 Plate Mail Armor
65:22 Heavy Scorpion
66:54 Padded Archer Armor
70:00 Onager
71:55 Crop Rotation
72:29 Chemistry
75:24 Two-Man Saw
75:23 Caravan
78:01 Capped Ram
81:08 Plate Barding Armor
81:05 Fortified Wall
Connection lost

Rejoining the realm…

Still unreachable

The connection could not be restored.

Session expired

The server has moved on; the page needs a fresh start.